 Dungeon Crawl Stone Soup version 0.20.1-1-g8b1a95d (webtiles) character file.

3954 Folque the Thaumaturge (level 10, -15/63 HPs)
             Began as an Octopode Wizard on Nov 4, 2017.
             Was an Elder of Sif Muna.
             Demolished by a two-headed ogre
             ... wielding a +0 giant club
              (19 damage)
             ... on level 9 of the Dungeon.
             The game lasted 01:13:12 (12239 turns).

Folque the Thaumaturge (Octopode Wizard)           Turns: 12239, Time: 01:13:14

Health: -15/63     AC:  2    Str:  7    XL:     10   Next: 21%
Magic:  18/23      EV: 13    Int: 24    God:    Sif Muna [****..]
Gold:   324        SH:  0    Dex: 10    Spells: 19/27 levels left

rFire    . . .     SeeInvis .   v - staff of wizardry
rCold    + . .     Gourm    .   (no shield)
rNeg     . . .     Faith    .   a - +1 hat
rPois    +         Spirit   .   (no amulet)
rElec    .         Reflect  .   d - ring of protection from magic
rCorr    +         Harm     .   j - ring of resist corrosion
MR       +....                  u - ring of protection from fire
Stlth    +++.......             f - ring of wizardry
Regen    0.2/turn               q - ring of poison resistance
MPRegen  0.2/turn               y - ring of ice
                                K - +2 ring of slaying
                                (no ring)

@: divine energy
A: almost no armour, stealthy swim, amphibious, 8 rings, constrict 8, camouflage
1, gelatinous body 1
a: Stop Divine Energy, Channel Magic, Forget Spell, Renounce Religion


You were on level 9 of the Dungeon.
You worshipped Sif Muna.
Sif Muna was greatly pleased with you.
You were not hungry.

You visited 2 branches of the dungeon, and saw 10 of its levels.

You collected 324 gold pieces.

Inventory:

Hand Weapons
 g - a +0 short sword
 o - a +2 spear
 D - a +2 flail of holy wrath
Armour
 a - a +1 hat (worn)
Magical Staves
 v - an uncursed staff of wizardry (weapon)
Jewellery
 d - a ring of protection from magic (left tentacle)
 f - a ring of wizardry (on tentacle)
 j - a ring of resist corrosion (right tentacle)
 q - a ring of poison resistance (on tentacle)
 u - a ring of protection from fire (on tentacle)
 y - a ring of ice (on tentacle)
 J - a +3 ring of dexterity {unknown}
 K - a +2 ring of slaying (on tentacle)
Wands
 p - a wand of iceblast (15/15)
 r - a wand of confusion (20/48)
 B - a wand of polymorph (6/24)
 E - a wand of iceblast (1/15)
 G - a wand of flame (10/48)
 L - a wand of scattershot (2/9)
Scrolls
 t - 4 scrolls of enchant weapon
 z - 2 scrolls of teleportation
 C - 2 scrolls of identify
 F - a scroll of brand weapon {unknown}
 H - 2 scrolls of enchant armour
 I - a scroll of recharging
Potions
 e - 4 potions of flight
 h - 3 potions of curing {unknown}
 l - a potion of mutation {unknown}
 m - a potion of brilliance
 n - 2 potions of agility {unknown}
 x - 3 potions of might {unknown}
 A - 2 potions of ambrosia {unknown}
 M - a potion of heal wounds
Books
 b - a book of Minor Magic

   Spells                             Type                      Level
   a - Magic Dart                     Conjuration                  1
   b - Blink                          Translocation                2
   c - Call Imp                       Summoning                    2
   d - Slow                           Hexes                        2
   e - Conjure Flame                  Conjuration/Fire             3
   f - Mephitic Cloud                 Conjuration/Poison/Air       3
 w - a book of Cantrips

   Spells                             Type                      Level
   a - Confusing Touch                Hexes                        1
   b - Animate Skeleton               Necromancy                   1
   c - Summon Small Mammal            Summoning                    1
   d - Apportation                    Translocation                1
Comestibles
 c - 3 bread rations
 i - 6 meat rations
 k - a royal jelly
 s - 4 fruits
 N - 5 chunks of flesh


   Skills:
 - Level 3.1 Fighting
 - Level 2.0 Staves
 - Level 2.0 Dodging
 - Level 2.6 Stealth
 * Level 9.0 Spellcasting
 + Level 8.2 Conjurations
 - Level 3.0 Summonings
 - Level 4.2 Translocations
 - Level 4.0 Poison Magic


You had 19 spell levels left.
You knew the following spells:

 Your Spells              Type           Power        Failure   Level  Hunger
a - Magic Dart            Conj           ####         1%          1    None
b - Call Imp              Summ           ####....     1%          2    None
c - Blink                 Tloc           N/A          1%          2    None
d - Mephitic Cloud        Conj/Pois/Air  ####....     1%          3    None


Dungeon Overview and Level Annotations

Branches:
Dungeon (9/15)             Temple (1/1) D:5
   Lair: D:8-11         Orc: D:9-12

Altars:
Ashenzari
Cheibriados
Dithmenos
Elyvilon
Fedhas
Gozag
Hepliaklqana
Kikubaaqudgha
Makhleb
Nemelex Xobeh
Okawaru
Qazlal
Ru
Sif Muna
Trog
Uskayaw
Vehumet
Xom
Yredelemnul
Zin
The Shining One

Shops:
D:6 [   D:8 %


Innate Abilities, Weirdness & Mutations

You cannot wear most types of armour.
You are very stealthy in the water. (Stealth+)
You are amphibious.
You can wear up to eight rings at the same time.
You can use your tentacles to constrict eight enemies at once.
Your skin changes colour to match your surroundings (Stealth+).
Your rubbery body absorbs attacks. (AC +1, EV +1)


Message History

This wand has 10 charges left.
The two-headed ogre hits itself with a giant club!
The two-headed ogre hits itself with a giant spiked club.
You barely miss the two-headed ogre.
The two-headed ogre is almost dead.
You completely miss the two-headed ogre.
The two-headed ogre is almost dead.
You hit the two-headed ogre but do no damage.
The two-headed ogre is almost dead.
The two-headed ogre grins madly.
The two-headed ogre hits you with a giant club!
The two-headed ogre hits you with a giant spiked club!
There is an open door, spattered with blood here.
You strike the helpless two-headed ogre from behind!
You hit the two-headed ogre.
The two-headed ogre is almost dead.
The two-headed ogre hits you with a giant club!!
* * * LOW HITPOINT WARNING * * *
The two-headed ogre hits you with a giant spiked club!!
You die...

#...... #...... ##
#....#####♣$# #....'
#....# #....# #....
######....###..#
#..........O#'###
#...........@...#
#...........#...#
#......†....########
#########..........#
#..........#
#..........#
#..........#.
###..........#.########
#...##'#####...........


You could see a two-headed ogre (confused).

Vanquished Creatures
  A two-headed ogre (D:8)
  A hippogriff (D:8)
  A hungry ghost (D:9)
  2 ice beasts
  A black bear (D:8)
  2 sky beasts
  2 orc warriors (D:9)
  3 ogres
  2 phantoms
  A crocodile (D:8)
  2 centaurs
  2 bullfrogs
  A wyvern zombie (D:8)
  5 killer bees (D:8)
  4 scorpions
  2 jellies (D:9)
  2 howler monkeys
  2 crimson imps
  2 bullfrog zombies
  A hound (D:8)
  2 orc priests
  A gnoll shaman (D:6)
  4 orc wizards
  2 bullfrog skeletons
  An iguana (D:7)
  3 worker ants
  A hound zombie (D:9)
  A gnoll (D:6)
  10 adders
  4 oozes
  An adder skeleton (D:9)
  2 dart slugs (D:2)
  16 orcs
  3 ball pythons
  4 giant cockroaches
  2 goblins (D:1)
  3 hobgoblins
  6 jackals
  2 bats
  6 frilled lizards
  6 kobolds
  A quokka skeleton (D:5)
  9 rats
129 creatures vanquished.

Vanquished Creatures (collateral kills)
  A troll (D:9)
  2 orc warriors
  An ice beast (D:8)
  3 sky beasts
  A phantom (D:5)
  An ogre (D:9)
  2 bullfrogs
  A wyvern skeleton (D:8)
  A scorpion (D:9)
  A jelly (D:9)
  2 crimson imps
  An orc priest (D:9)
  2 hounds
  An iguana (D:5)
  2 orc wizards (D:9)
  A worker ant (D:7)
  An adder (D:7)
  4 gnolls
  3 orcs
  A bat (D:3)
  2 goblins (D:7)
  3 jackals
37 creatures vanquished.

Grand Total: 166 creatures vanquished

Notes
Turn   | Place    | Note
-------+----------+-------------------------------------------
     0 | D:1      | Folque the Octopode Wizard began the quest for the Orb.
     0 | D:1      | Reached XP level 1. HP: 11/11 MP: 4/4
   222 | D:1      | Reached skill level 1 in Fighting
   222 | D:1      | Reached XP level 2. HP: 18/18 MP: 1/6
   237 | D:1      | Learned a level 2 spell: Call Imp
   240 | D:1      | Learned a level 2 spell: Blink
   908 | D:2      | Found a faded altar of an unknown god.
   991 | D:2      | Reached XP level 3. HP: 13/24 MP: 7/7
  1496 | D:2      | Learned a level 3 spell: Mephitic Cloud
  1560 | D:3      | Reached XP level 4. HP: 28/30 MP: 9/9
  1581 | D:3      | Found a shimmering altar of Xom.
  2284 | D:4      | Noticed a phantom
  2399 | D:4      | Killed a phantom
  2399 | D:4      | Reached skill level 4 in Spellcasting
  2399 | D:4      | Reached skill level 1 in Poison Magic
  2399 | D:4      | Reached XP level 5. HP: 22/36 MP: 0/11
  2960 | D:5      | Entered Level 5 of the Dungeon
  3044 | D:5      | Noticed an ogre
  3066 | D:5      | Killed an ogre
  3066 | D:5      | Reached XP level 6. HP: 36/42 MP: 3/12
  3159 | D:5      | Found a staircase to the Ecumenical Temple.
  3166 | Temple   | Entered the Ecumenical Temple
  3299 | Temple   | Became a worshipper of Vehumet
  3329 | D:5      | Noticed a phantom
  3373 | D:5      | Killed a phantom
  3785 | D:5      | Found a deep blue altar of Sif Muna.
  3790 | D:5      | Fell from the grace of Vehumet
  3790 | D:5      | Became a worshipper of Sif Muna the Loreminder
  4654 | D:6      | Found a sacrificial altar of Ru.
  4695 | D:6      | Reached XP level 7. HP: 36/46 MP: 8/14
  5161 | D:6      | Reached * piety under Sif Muna
  5161 | D:6      | Reached skill level 5 in Spellcasting
  5417 | D:6      | Noticed a skeletal warrior
  5818 | D:6      | Found Yteabruom's Antique Armour Emporium.
  6688 | D:7      | Reached XP level 8. HP: 52/52 MP: 11/15
  7190 | D:7      | Reached skill level 5 in Conjurations
  7543 | D:7      | Reached skill level 1 in Staves
  7937 | D:7      | Was forgiven by Vehumet
  8641 | D:8      | Reached ** piety under Sif Muna
  8818 | D:8      | Reached skill level 6 in Spellcasting
  9231 | D:8      | Reached XP level 9. HP: 32/56 MP: 11/18
  9791 | D:8      | Found Ynuc Soq's Food Boutique.
  9802 | D:8      | Found a hazy altar of Hepliaklqana.
  9818 | D:8      | Noticed a two-headed ogre
  9854 | D:8      | Killed a two-headed ogre
  9854 | D:8      | Reached *** piety under Sif Muna
  9854 | D:8      | Reached skill level 7 in Spellcasting
  9951 | D:8      | Found a hide-covered altar of Uskayaw.
  9952 | D:8      | Found a snail-covered altar of Cheibriados.
 10584 | D:8      | Found an iron altar of Okawaru.
 10745 | D:9      | Reached skill level 8 in Spellcasting
 11203 | D:9      | Reached XP level 10. HP: 30/63 MP: 6/22
 11405 | D:9      | Reached **** piety under Sif Muna
 12129 | D:9      | Reached skill level 9 in Spellcasting
 12204 | D:9      | Noticed a two-headed ogre
 12239 | D:9      | Demolished by a two-headed ogre

Skill      XL: |  1  2  3  4  5  6  7  8  9 10 |
---------------+-------------------------------+-----
Fighting       | 1 2 3 |  3.1
Spellcasting   | 4 5 6 8 9 |  9.0
Poison Magic   | 1 3 4 |  4.0
Conjurations   | 2 4 6 8 |  8.2
Summonings     | 3 |  3.0
Staves         | 2 |  2.0
Translocations | 3 4 |  4.2
Dodging        | |  2.0
Stealth        | |  2.6

Action                   |  1- 3 |  4- 6 |  7- 9 | 10-12 || total
-------------------------+-------+-------+-------+-------++-------
Melee: Short sword       |    44 |       |       |       ||    44
       Unarmed           |     5 |       |       |       ||     5
       Constrict         |     9 |    19 |    37 |     9 ||    74
       Tentacles         |     6 |    13 |    34 |     8 ||    61
       Spear             |    10 |    29 |       |       ||    39
       Staff             |       |    86 |   243 |    56 ||   385
Throw: Throwing net      |       |       |     1 |       ||     1
 Cast: Magic Dart        |    13 |    35 |    68 |    12 ||   128
       Call Imp          |       |    45 |    83 |    16 ||   144
       Mephitic Cloud    |       |     7 |    54 |    10 ||    71
       Blink             |       |       |    13 |     6 ||    19
Invok: Divine Energy     |       |       |     1 |       ||     1
Evoke: Wand              |       |       |    19 |     8 ||    27
  Use: Scroll            |     5 |    11 |     5 |       ||    21
       Potion            |       |     1 |     2 |     1 ||     4
 Stab: Sleeping          |    13 |     3 |     1 |       ||    17
       Distracted        |       |     2 |       |       ||     2
       Confused          |       |     4 |    14 |     4 ||    22
  Eat: Chunk             |     2 |     6 |    15 |     4 ||    27
       Bread ration      |       |     1 |       |       ||     1
       Meat ration       |       |       |     3 |       ||     3
       Fruit             |       |       |     1 |       ||     1
Armor: Skin              |     1 |     7 |    14 |     3 ||    25
Dodge: Dodged            |    29 |    71 |   120 |    22 ||   242
